 Dungeon Crawl Stone Soup version 0.27-a0-262-gc50aac273e (webtiles) character file.

Game seed: 5132626379955526839

291 Mesmaeker13 the Magician (level 6, 0/32 HPs)
             Began as a Deep Elf Fire Elementalist on Feb 4, 2021.
             Succumbed to a worker ant's poison
             ... on level 4 of the Dungeon.
             The game lasted 00:04:03 (3169 turns).

Mesmaeker13 the Magician (DEFE)                     Turns: 3169, Time: 00:04:04

Health: 0/32       AC:  2    Str:  5    XL:     6   Next: 10%
Magic:  11/15      EV: 14    Int: 22    God:
Gold:   110        SH:  0    Dex: 15    Spells: 6/14 levels left

rFire    . . .     SeeInvis .   t - +1 dagger (protect)
rCold    . . .     Faith    .   (no shield)
rNeg     . . .     Spirit   .   a - +0 robe
rPois    .         Reflect  .   (no helmet)
rElec    .         Harm     .   (no cloak)
rCorr    .         Rampage  .   (no gloves)
Will     .....                  (no boots)
Stlth    ++........             (no amulet)
HPRegen  0.10/turn              (no ring)
MPRegen  0.14/turn              (no ring)

@: lethally poisoned (0 -> -24), very slightly contaminated
A: no striking features
a: no special abilities


You were on level 4 of the Dungeon.
You visited 1 branch of the dungeon, and saw 4 of its levels.

You collected 110 gold pieces.

Inventory:

Hand Weapons
 t - a +1 dagger of protection (weapon)
Missiles
 l - 16 poisoned darts
Armour
 a - a +0 robe (worn)
 n - the +2 helmet of Defiance {rElec rCorr Int-5 Dex+5}
   (You took it off Robin on level 2 of the Dungeon)

   It affects your intelligence (-5).
   It affects your dexterity (+5).
   It insulates you from electricity.
   It provides partial protection from all sources of acid and corrosion.
Scrolls
 e - a scroll of random uselessness {unknown}
 f - 2 scrolls of amnesia
 g - a scroll of noise {unknown}
 j - 2 scrolls of enchant armour {unknown}
 k - a scroll of immolation {unknown}
 p - a scroll of enchant weapon
Potions
 b - a potion of attraction {unknown}
 c - 2 potions of curing {unknown}
 d - 2 potions of lignification
 h - a potion of berserk rage
 i - a potion of might {unknown}
 m - a potion of invisibility {unknown}
 o - a potion of heal wounds {unknown}
 r - a potion of mutation {unknown}
 s - a potion of brilliance {unknown}


   Skills:
 + Level 4.3 Dodging
 - Level 2.4 Stealth
 + Level 4.9 Spellcasting
 + Level 3.4 Conjurations
 + Level 4.7 Fire Magic


You had 6 spell levels left.
You knew the following spells:

 Your Spells              Type           Power        Failure   Level
a - Foxfire               Conj/Fire      92%          1%          1
b - Conjure Flame         Conj/Fire      23%          5%          3
c - Sticky Flame          Conj/Fire      23%          19%         4

Your spell library contained the following spells:

 Spells                   Type           Power        Failure   Level
 Inner Flame              Hex/Fire       15%          12%         3
 Fireball                 Conj/Fire      11%          45%         5


Dungeon Overview and Level Annotations

Branches:
Dungeon (4/15)
 Temple: D:4-7

Altars:
Kikubaaqudgha
Sif Muna
Zin
The Shining One

Annotations:
D:3 Natasha


Message History

You conjure some foxfire!
The worker ant closely misses you. The worker ant bites you.
You are poisoned.
The worker ant poisons you!
You feel sick.
The foxfire hits the worker ant.
The worker ant is moderately wounded.
The foxfire hits the worker ant.
The worker ant is moderately wounded.
The worker ant bites you. The worker ant bites you!
You are lethally poisoned!
The worker ant poisons you! The worker ant bites you.
* * * LOW HITPOINT WARNING * * *
The worker ant bites you.
* * * LOW HITPOINT WARNING * * *
You are more poisoned.
The worker ant poisons you!
Casting: Foxfire (safe; 1% risk of failure)
Confirm with . or Enter, or press ? or * to list all spells.
You conjure some foxfire!
You die...

..#######
........#
........#
.$......#
........##
.........######
#......v.......
#....B@#
#....vB#
#......#
###....# .
#..... ..
##..#. .. ##. .
.. .. .. .. ..


You could see 2 worker ants.

Vanquished Creatures
  An ogre (D:3)
  Natasha (twice) (D:3)
  Robin (D:2)
  5 adders
  An ooze (D:2)
  2 worms
  A dart slug (D:3)
  2 leopard geckos (D:1)
  4 orcs (D:3)
  5 bats
  2 giant cockroaches
  22 goblins
  5 hobgoblins
  3 jackals (D:2)
  6 kobolds
  2 quokkas (D:3)
  A ball python (D:1)
  2 frilled lizards (D:1)
  6 rats
73 creatures vanquished.

Vanquished Creatures (collateral kills)
  A foxfire (D:2)
1 creature vanquished.

Vanquished Creatures (others)
  204 foxfires
204 creatures vanquished.

Grand Total: 278 creatures vanquished

Notes
Turn   | Place    | Note
-------+----------+-------------------------------------------
     0 | D:1      | Mesmaeker13 the Deep Elf Fire Elementalist began the quest
                  | for the Orb.
     0 | D:1      | Reached XP level 1. HP: 10/10 MP: 6/6
   228 | D:1      | Reached XP level 2. HP: 11/15 MP: 5/8
   738 | D:2      | Reached XP level 3. HP: 10/19 MP: 5/10
   742 | D:2      | Learned a level 3 spell: Conjure Flame
   930 | D:2      | Identified the +2 helmet of Defiance {rElec rCorr Int-5
                  | Dex+5}
   930 | D:2      | Noticed Robin
   936 | D:2      | Killed Robin
   942 | D:2      | Reached XP level 4. HP: 21/24 MP: 4/11
  1700 | D:2      | Found an ancient bone altar of Kikubaaqudgha.
  1890 | D:2      | Found a glowing golden altar of the Shining One.
  1892 | D:2      | Found a glowing silver altar of Zin.
  2195 | D:3      | Learned a level 4 spell: Sticky Flame
  2571 | D:3      | Noticed Natasha
  2580 | D:3      | Killed Natasha
  2581 | D:3      | Reached XP level 5. HP: 28/28 MP: 9/13
  2663 | D:3      | Noticed Natasha
  2668 | D:3      | Killed Natasha
  2799 | D:3      | Noticed an ogre
  2810 | D:3      | Killed an ogre
  2811 | D:3      | Reached XP level 6. HP: 19/32 MP: 10/15
  3122 | D:4      | Found a shimmering blue altar of Sif Muna.
  3160 | D:3      | Noticed Natasha
  3169 | D:4      | Succumbed to a worker ant's poison

Illustrated notes

Levels and vault maps discovered:
D:1:      saegor_arrival_simple_e, layout_basic
D:2:      layout_basic, minitemple, kiku_gazebo_garden_becter,
          kennysheep_generic_room_2, uniq_robin
D:3:      layout_rooms, uniq_natasha
D:4:      layout_rooms, nzn_overflow_gifts_of_might_and_magic

Skill      XL: |  1  2  3  4  5 |
---------------+----------------+-----
Dodging        | 3 4 |  4.3
Conjurations   | 2 3 |  3.4
Fire Magic     | 4 |  4.7
Spellcasting   | 4 |  4.9
Stealth        | |  2.4

Action                   |  1- 3 |  4- 6 || total
-------------------------+-------+-------++-------
 Cast: Foxfire           |    46 |    76 ||   122
  Use: Scroll            |       |     4 ||     4
Armor: Robe              |     2 |       ||     2
Dodge: Dodged            |     9 |    15 ||    24

Table legend: (Time is in decaauts)
 A = Elapsed time spent in this place.
 B = Non-inter-level travel time spent in this place.
 C = Inter-level travel time spent in this place.
 D = Time resting spent in this place.
 E = Time spent auto-exploring this place.
 F = Levels seen in this place.
 G = Mean time per level.
                   A        B        C        D        E       F      G
               +--------+--------+--------+--------+--------+-----+--------+
         Total |   3169 |   3046 |    123 |    281 |   2246 |   4 |  792.2 |
       Dungeon |   3169 |   3046 |    123 |    281 |   2246 |   4 |  792.2 |
               +--------+--------+--------+--------+--------+-----+--------+

Top non-repeatable levels by time:
     D:2: 1331 daAuts
     D:3: 1073 daAuts
     D:1: 729 daAuts
     D:4: 35 daAuts
